 Dungeon Crawl Stone Soup version 0.21.1-1-g345015f (webtiles) character file.

84 Hebeh the Covered (level 4, -1/42 HPs)
             Began as a Deep Dwarf Fighter on June 21, 2018.
             Slain by a gnoll
             ... wielding a +0 spear
              (2 damage)
             ... on level 2 of the Dungeon.
             The game lasted 00:05:11 (1039 turns).

Hebeh the Covered (Deep Dwarf Fighter)              Turns: 1039, Time: 00:05:12

Health: -1/42      AC:  7    Str: 21    XL:     4   Next: 23%
Magic:  4/4        EV:  7    Int:  8    God:
Gold:   69         SH:  9    Dex: 12    Spells: 3/3 levels left

rFire    . . .     SeeInvis .   a - +0 war axe
rCold    . . .     Gourm    .   c - +0 shield
rNeg     . . .     Faith    .   b - +0 scale mail
rPois    .         Spirit   .   (no helmet)
rElec    .         Reflect  .   (no cloak)
rCorr    .         Harm     .   (no gloves)
MR       .....                  (no boots)
Stlth    ..........             (no amulet)
HPRegen  0.00/turn              (no ring)
MPRegen  0.09/turn              (no ring)

@: non-regenerating
A: damage resistance, heal wounds, sense surroundings 1, no regeneration
a: Heal Wounds


You were on level 2 of the Dungeon.
You were not hungry.

You visited 1 branch of the dungeon, and saw 2 of its levels.

You collected 69 gold pieces.

Inventory:

Hand Weapons
 a - a +0 war axe (weapon)
Armour
 b - a +0 scale mail (worn)
 c - a +0 shield (worn)
Scrolls
 h - a scroll of blinking {unknown}
 i - a scroll of fear {unknown}
 j - a scroll of magic mapping {unknown}
 k - a scroll of teleportation {unknown}
 l - a scroll of remove curse {unknown}
 m - 3 scrolls of identify {unknown}
Potions
 d - a potion of might
 e - a potion of degeneration {unknown}
Comestibles
 f - 2 rations
 g - 5 chunks of flesh


   Skills:
 + Level 3.2 Fighting
 * Level 3.5 Axes
 + Level 3.9 Armour
 + Level 3.8 Shields


You had 3 spell levels left.
You didn't know any spells.

Dungeon Overview and Level Annotations

Branches:
Dungeon (2/15)

Altars:


Innate Abilities, Weirdness & Mutations

You are resistant to damage.
You can heal yourself by infusing magical energy.
You passively map a small area around you.
You do not regenerate.


Message History

You block the gnoll's attack. x2; The gnoll barely misses you.
The adder closely misses you. You block the adder's attack.
You block the gnoll's attack. The gnoll hits you with a club.
* * * LOW HITPOINT WARNING * * *
The goblin closely misses you. The gnoll barely misses you.
The adder bites you.
* * * LOW HITPOINT WARNING * * *
The gnoll hits you from afar with a spear.
The goblin hits you but does no damage. You block the gnoll's attack.
The gnoll barely misses you. The adder bites you but does no damage.
The gnoll closely misses you. The goblin hits you but does no damage.
You block the adder's attack. The gnoll hits you with a club.
The gnoll barely misses you. The adder bites you but does no damage.
You block the gnoll's attack. You block the goblin's attack.
You block the gnoll's attack. The gnoll hits you but does no damage.
The adder closely misses you.
The gnoll hits you from afar with a spear.
You die...

, * , , ...#####. , *
,....#... ,* *
**.>....## , , *#.(....
* #.....#, , * ##.....#*
*#.####### ###..gg†.# ,
........) ......g@.#
*#.####### , ,
..####g#S# , ####.#.####
># ###
,...........####.#####..
,
.####...##.##.......>..
, .......##......###.##(
####...##.##.### #.##. ,
#...##.##.# #.##.
#...##.##.#####.##.


You could see 3 gnolls, an adder and a goblin.

Vanquished Creatures
  An adder (D:2)
  A gnoll (D:2)
  An ooze (D:1)
  A dart slug (D:1)
  3 leopard geckos
  10 bats
  4 giant cockroaches
  6 goblins
  3 hobgoblins
  11 jackals
  4 frilled lizards
  2 kobolds
  3 rats
50 creatures vanquished.

Notes
Turn   | Place    | Note
-------+----------+-------------------------------------------
     0 | D:1      | Hebeh the Deep Dwarf Fighter began the quest for the Orb.
     0 | D:1      | Reached XP level 1. HP: 20/20 MP: 1/1
   126 | D:1      | Reached XP level 2. HP: 25/27 MP: 2/2
   237 | D:1      | Reached XP level 3. HP: 25/33 MP: 3/3
  1005 | D:2      | Reached XP level 4. HP: 40/42 MP: 4/4
  1035 | D:2      | HP: 2/42 [gnoll/club (3)]
  1039 | D:2      | Slain by a gnoll

Skill      XL: |  1  2  3 |
---------------+----------+-----
Axes           | 3 |  3.5
Fighting       | 3 |  3.2
Armour         | |  3.9
Shields        | |  3.8

Action                   |  1- 3 |  4- 6 || total
-------------------------+-------+-------++-------
Melee: War axe           |   177 |    11 ||   188
 Abil: Heal Wounds       |     1 |       ||     1
  Eat: Chunk             |     1 |       ||     1
Armor: Scale mail        |    96 |    22 ||   118
Dodge: Dodged            |    50 |    23 ||    73
Block: Shield            |   111 |    21 ||   132
